 Dungeon Crawl Stone Soup version 0.28-a0-1356-g2ad6d04315 (webtiles) character file.

Game seed: 17628183502899325418

109353 backslashecho the Severer (level 16, -2/132 HPs)
             Began as a Minotaur Fighter on Dec 30, 2021.
             Was the Champion of Cheibriados.
             Slain by a wolf spider (12 damage)
             ... on level 1 of the Spider Nest on Dec 31, 2021.
             The game lasted 01:12:34 (29682 turns).

backslashecho the Severer (Minotaur Fighter)       Turns: 29682, Time: 01:12:35

Health: -2/132     AC: 25    Str: 36 (37) XL:     16   Next: 4%
Magic:  0/24       EV: 13    Int: 22      God:    Cheibriados [******]
Gold:   483        SH: 24    Dex: 30      Spells: 14/15 levels left

rFire   + . .      SeeInvis +   a - +0 broad axe (venom)
rCold   + . .      Faith    .   y - +0 tower shield
rNeg    + . .      Spirit   .   P - +0 gold dragon scales
rPois   +          Reflect  .   (helmet restricted)
rElec   .          Harm     .   G - scarf {repulsion}
rCorr   +          Rampage  .   w - +2 pair of gloves
Will    ++++.      Clarity  +   f - +0 pair of boots
Stlth   ..........              R - amulet of the Four Winds {rN+ Will+++ Clar}
HPRegen 0.32/turn               C - ring of see invisible
MPRegen 0.19/turn               v - ring of resist corrosion

@: about to teleport, slowed, repel missiles, very slow
A: horns 2, retaliatory headbutt
a: Renounce Religion, Bend Time, Temporal Distortion, Slouch, Step From Time


You were on level 1 of the Spider Nest.
You worshipped Cheibriados.
Cheibriados was exalted by your worship.
You visited 4 branches of the dungeon, and saw 24 of its levels.
You also visited: Ice Cave.

You collected 2352 gold pieces.
You spent 1869 gold pieces at shops.

Inventory:

Hand Weapons
 a - a +0 broad axe of venom (weapon)
 b - a +1 demon trident of electrocution
Missiles
 g - 122 poisoned darts (quivered)
 o - 10 curare-tipped darts
 r - 2 throwing nets
 L - 7 javelins
Armour
 f - a +0 pair of boots (worn)
 w - a +2 pair of gloves (worn)
 y - a +0 tower shield (worn)
 G - a scarf of repulsion (worn)
 P - +0 gold dragon scales (worn)
Jewellery
 v - a ring of resist corrosion (right hand)
 C - a ring of see invisible (left hand)
 M - a ring of protection from cold
 R - the amulet of the Four Winds (around neck) {rN+ Will+++ Clar}
   (You bought it in a shop on level 6 of the Dungeon)

   [amulet of nothing]

   rN:        It protects you from negative energy.
   Clar:      It protects you against confusion.
   Will:      It greatly increases your willpower.
Wands
 x - a wand of flame (29)
 z - a wand of mindburst (17)
 H - a wand of acid (5)
 I - a wand of polymorph (4)
 J - a wand of paralysis (6)
Scrolls
 c - 2 scrolls of blinking
 e - 12 scrolls of teleportation
 h - 6 scrolls of enchant weapon
 i - 2 scrolls of immolation
 k - a scroll of brand weapon
 n - 7 scrolls of identify
 q - 7 scrolls of fear
 u - a scroll of summoning
 B - 2 scrolls of vulnerability
Potions
 d - 5 potions of attraction
 j - a potion of mutation
 l - a potion of flight
 m - a potion of magic
 p - 5 potions of might
 s - 14 potions of curing
 A - 4 potions of heal wounds
 D - a potion of brilliance
 E - 2 potions of resistance
 K - 8 potions of ambrosia
 N - a potion of cancellation
Miscellaneous
 F - a lightning rod (4/4)
 O - a condenser vane


   Skills:
 - Level 9.0 Fighting
 - Level 18.0 Axes
 - Level 6.0 Throwing
 + Level 14.4 Armour
 + Level 8.0 Dodging
 + Level 17.3 Shields
 - Level 1.0 Unarmed Combat
 - Level 13.0 Invocations


You had 14 spell levels left.
You knew the following spells:

 Your Spells              Type           Power      Damage    Failure   Level
a - Apportation           Tloc           0%         N/A       99%         1

Your spell library contained the following spells:

 Spells                   Type           Power      Damage    Failure   Level
 Animate Skeleton         Necr           0%         N/A       99%         1
 Pain                     Necr           0%         1d4       99%         1
 Slow                     Hex            0%         N/A       99%         1
 Summon Small Mammal      Summ           0%         N/A       99%         1
 Passwall                 Tmut/Erth      0%         N/A       100%        2
 Scorch                   Fire           0%         2d5       100%        2
 Sublimation of Blood     Necr           0%         N/A       100%        2
 Wereblood                Tmut           0%         N/A       100%        2
 Confusing Touch          Hex            0%         N/A       100%        3
 Conjure Flame            Conj/Fire      0%         6-21      100%        3
 Ignite Poison            Fire/Tmut/Pois 0%         N/A       100%        3
 Inner Flame              Hex/Fire       0%         N/A       100%        3
 Swiftness                Air            0%         N/A       100%        3
 Vampiric Draining        Necr           0%         2d6       100%        3
 Cause Fear               Hex            0%         N/A       100%        4
 Flame Wave               Conj/Fire      0%         2d4       100%        4
 Sticky Flame             Conj/Fire      0%         2d3       100%        4
 Summon Forest            Summ/Tloc      0%         N/A       100%        5
 Summon Mana Viper        Hex/Summ       0%         N/A       100%        5
 Summon Cactus Giant      Summ           0%         N/A       100%        6
 Dragon Form              Tmut           0%         N/A       100%        7
 Summon Hydra             Summ           0%         N/A       100%        7
 Discord                  Hex            0%         N/A       100%        8
 Dragon's Call            Summ           0%         N/A       100%        9


Dungeon Overview and Level Annotations

Branches:
Dungeon (15/15)            Temple (0/1) D:5            Lair (6/6) D:9
  Snake (0/4) Lair:2       Spider (1/4) Lair:3        Slime (0/5) Lair:6
    Orc (2/2) D:9             Elf (0/3) Orc:2        Vaults (0/5) D:13
 Depths (0/4) D:15          IceCv (visited)

Altars:
Cheibriados
Dithmenos
Xom
Zin

Shops:
D:3 [(   D:4 *   D:6 =   D:7 !   Orc:2 [*(?

Annotations:
D:7 1 runed translucent door, Crazy Yiuf
Lair:3 exclusion: door


Innate Abilities, Weirdness & Mutations

You have a pair of horns on your head.
You reflexively headbutt those who attack you in melee.


Message History

The jumping spider leaps!
The moth of wrath goads the jumping spider on!
The jumping spider goes berserk!
Being near the torpor snail leaves you feeling lethargic.
The ghost moth hits you but does no damage.
The ghost moth hits you!
You feel weakened.
The ghost moth stings you but does no damage.
The wolf spider barely misses you. You furiously retaliate!
You headbutt the wolf spider, but do no damage.
The wolf spider bites you but does no damage.
An orb of destruction comes into view.
You take 21 damage, and have 62/132 hp.
As you read the scroll of teleportation, it crumbles to dust.
You feel strangely unstable.
You feel yourself speed up.
You block the wolf spider's attack. x2; The jumping spider barely misses you.
You furiously retaliate!
You headbutt the jumping spider! You block the jumping spider's attack.
The wolf spider barely misses you. The wolf spider bites you!
The jumping spider pounces on you but does no damage.
You block the jumping spider's attack. You block the ghost moth's attack.
The ghost moth completely misses you. The ghost moth misses you.
The orb of destruction hits you!!
* * * LOW HITPOINT WARNING * * *
The orb spider spins a strand of pure energy.
The wolf spider hits you but does no damage.
The wolf spider bites you!
* * * LOW HITPOINT WARNING * * *
The jumping spider misses you. You furiously retaliate!
You headbutt the jumping spider! You block the jumping spider's attack.
Being near the torpor snail leaves you feeling lethargic.
The ghost moth stares at you.
You feel your power leaking away. The ghost moth barely misses you.
The ghost moth hits you but does no damage.
The ghost moth stings you but does no damage.
The moth of wrath bites you but does no damage.
The wolf spider hits you!
You die...

.......(.#.#....##
......#......#...#
#....##†...."...#
....##..####.†.##
...##.......>.†#
........#....†.#
#.#..####......#
##..>..^.yysw# .
......s@#..ys.#
.^##...#○s......
.##...^ .ss...##
#..... .###....
#.".... .. #...
#.....# .. ...
#..... ..# ..
##..## ###


You could see a ghost moth (invisible, very poisoned), a torpor snail (berserk),
a wolf spider (berserk, very poisoned), a moth of wrath, 3 orb spiders and a
jumping spider (berserk).

Vanquished Creatures
  A frost giant (IceCv)
  2 ghost moths (Lair:3)
  An orc warlord (Orc:1)
  A broodmother (Spider:1)
  Azrael (D:13)
  An entropy weaver (Spider:1)
  A fire dragon (D:15)
  An ice dragon (D:15)
  8 hydras
  A boulder beetle (D:9)
  4 vault guards (D:13)
  4 catoblepae
  An ogre mage (D:13)
  3 two-headed ogres
  2 centaur warriors (D:15)
  2 tengu warriors (D:13)
  15 death yaks
  5 orc high priests (Orc:2)
  2 deep elf knights (D:13)
  A pharaoh ant (Lair:3)
  Urug (Lair:2)
  7 skeletal warriors
  An orb spider (Spider:1)
  2 wizards
  4 orc knights
  4 lindwurms (D:14)
  A deep elf pyromancer (D:12)
  A bog body (Lair:1)
  4 oklob plants (Lair:3)
  A necromancer (Lair:3)
  2 manticores (Lair:6)
  12 ugly things
  3 wolf spiders
  4 orc sorcerers
  A guardian serpent (shapeshifter) (D:15)
  3 cyclopes
  An ice statue (IceCv)
  9 elephants
  2 black mambas
  An eye of devastation (Lair:6)
  3 gargoyles (D:13)
  11 cane toads
  3 unseen horrors
  2 kobold demonologists
  An efreet (D:13)
  6 rime drakes
  2 ice devils (Lair:1)
  2 freezing wraiths (D:14)
  7 komodo dragons
  3 trolls
  A queen bee (Lair:2)
  A polar bear (shapeshifter) (D:13)
  16 polar bears
  3 tarantellas
  8 blink frogs
  6 slime creatures
  9 jumping spiders (Spider:1)
  A culicivora (Lair:3)
  A jumping spider (shapeshifter) (D:13)
  Sigmund (D:5)
  3 shadows
  A wraith (D:8)
  6 wyverns
  A human (D:13)
  49 yaks
  3 basilisks
  12 redbacks
  4 fire elementals
  A steam dragon (Lair:4)
  2 vampire mosquitoes (D:15)
  3 wargs (D:9)
  3 acid dragons
  3 hell hounds
  13 water moccasins
  A floating eye (Lair:6)
  37 orc warriors
  2 sky beasts
  2 ice beasts
  5 necrophages
  A black bear (D:6)
  32 wolves
  12 centaurs
  5 ogres
  2 kobold brigands
  14 bullfrogs
  2 wyvern zombies
  A two-headed ogre simulacrum (Lair:1)
  2 scorpions
  2 cane toad simulacra
  3 water moccasin zombies
  An elephant simulacrum (Lair:1)
  27 killer bees
  18 wights
  9 howler monkeys
  3 electric eels
  5 centaur zombies
  3 hounds
  2 jellies
  32 orc priests
  A gnoll shaman (D:7)
  Ijyb (D:3)
  Jessica (D:2)
  2 centaur skeletons (D:7)
  6 iguanas
  22 orc wizards
  A yak simulacrum (Lair:3)
  A spriggan simulacrum (Lair:1)
  2 troll simulacra (Lair:1)
  A wolf simulacrum (Lair:5)
  A killer bee zombie (D:8)
  A hound zombie (D:5)
  2 howler monkey zombies
  Robin (D:2)
  8 gnolls
  2 adders
  7 white imps
  5 ufetubi
  4 dart slugs
  94 orcs
  4 endoplasms
  4 giant cockroaches
  14 goblins
  4 hobgoblins
  5 jackals
  14 kobolds
  3 quokkas
  2 ball pythons
  29 bats
  2 frilled lizards (D:1)
  5 rats
  A river rat simulacrum (Lair:3)
785 creatures vanquished.

Vanquished Creatures (others)
  2 yaks (IceCv)
  7 fungi
  19 plants
28 creatures vanquished.

Grand Total: 813 creatures vanquished

Notes
Turn   | Place    | Note
-------+----------+-------------------------------------------
     0 | D:1      | backslashecho the Minotaur Fighter began the quest for the
                  | Orb.
     0 | D:1      | Reached XP level 1. HP: 19/19 MP: 0/0
    37 | D:1      | Found a faded altar of an unknown god.
   282 | D:1      | Reached XP level 2. HP: 27/27 MP: 1/1
   312 | D:1      | Prayed at the altar of an unknown god.
   312 | D:1      | Became a worshipper of Cheibriados the Contemplative
   312 | D:1      | Reached * piety under Cheibriados
   414 | D:1      | Reached skill level 3 in Axes
   414 | D:1      | Found a shimmering altar of Xom.
   556 | D:1      | Reached skill level 1 in Unarmed Combat
   681 | D:2      | Reached XP level 3. HP: 33/33 MP: 2/2
   692 | D:2      | Reached ** piety under Cheibriados
  1030 | D:2      | Reached skill level 4 in Axes
  1130 | D:2      | Noticed Jessica
  1132 | D:2      | Killed Jessica
  1133 | D:2      | Reached XP level 4. HP: 41/41 MP: 3/3
  1205 | D:2      | Noticed Robin
  1330 | D:2      | Killed Robin
  1720 | D:3      | Noticed Ijyb
  1726 | D:3      | Killed Ijyb
  1727 | D:3      | Reached skill level 5 in Axes
  1727 | D:3      | Reached XP level 5. HP: 42/47 MP: 4/4
  1963 | D:3      | Found Romen's Weapon Shoppe.
  2029 | D:3      | Found Wuafurat's Antique Armour Shoppe.
  2053 | D:3      | Bought a pair of boots for 94 gold pieces
  2102 | D:3      | Noticed an orc warrior
  2111 | D:3      | Killed an orc warrior
  2112 | D:3      | Reached skill level 5 in Fighting
  2112 | D:3      | Reached skill level 6 in Axes
  2112 | D:3      | Reached XP level 6. HP: 39/56 MP: 5/5
  2258 | D:3      | Reached *** piety under Cheibriados
  2615 | D:4      | Found Laosib's Lightly-Used Armoury.
  3054 | D:5      | Entered Level 5 of the Dungeon
  3131 | D:5      | Reached **** piety under Cheibriados
  3132 | D:5      | Reached skill level 7 in Axes
  3145 | D:5      | Noticed a sky beast
  3164 | D:5      | Killed a sky beast
  3165 | D:5      | Reached XP level 7. HP: 43/63 MP: 6/6
  3309 | D:5      | Reached skill level 8 in Axes
  3600 | D:5      | Found a staircase to the Ecumenical Temple.
  3764 | D:5      | Noticed Sigmund
  3773 | D:5      | Killed Sigmund
  3774 | D:5      | Reached skill level 9 in Axes
  3830 | D:6      | Reached XP level 8. HP: 73/73 MP: 7/7
  3833 | D:6      | Noticed a two-headed ogre
  3885 | D:6      | Killed a two-headed ogre
  3886 | D:6      | Reached skill level 11 in Axes
  3926 | D:6      | Reached skill level 1 in Dodging
  4482 | D:6      | Reached ***** piety under Cheibriados
  4677 | D:6      | Found Oshreg's Jewellery Shop.
  4708 | D:6      | Reached XP level 9. HP: 79/81 MP: 8/8
  5312 | D:7      | Reached skill level 12 in Axes
  5474 | D:7      | Found a glowing silver altar of Zin.
  5548 | D:7      | Reached skill level 5 in Dodging
  5762 | D:6      | Reached skill level 13 in Axes
  6079 | D:7      | Found a runed translucent door.
  6080 | D:7      | Noticed Crazy Yiuf
  6557 | D:7      | Reached skill level 14 in Axes
  6634 | D:7      | Found Xumiffis's Distillery.
  6645 | D:7      | Reached skill level 1 in Invocations
  6903 | D:8      | Reached XP level 10. HP: 87/88 MP: 10/10
  6909 | D:8      | Reached ****** piety under Cheibriados
  7331 | D:8      | Identified the +1 robe "Causuxin" {Harm *Slow rC- SInv}
  8251 | D:9      | Found a staircase to the Orcish Mines.
  8305 | D:9      | Reached skill level 15 in Axes
  8360 | D:9      | Noticed a boulder beetle
  8369 | D:9      | Killed a boulder beetle
  8370 | D:9      | Reached skill level 5 in Invocations
  8393 | D:9      | Found a staircase to the Lair.
  8596 | D:9      | Noticed a death yak
  8608 | D:9      | Killed a death yak
  8754 | D:9      | Reached XP level 11. HP: 80/94 MP: 14/14
  8946 | D:9      | Reached skill level 16 in Axes
  9294 | D:10     | Entered Level 10 of the Dungeon
  9705 | D:10     | Reached skill level 5 in Shields
  9964 | D:11     | Noticed a five-headed hydra
 10250 | D:11     | Killed a five-headed hydra
 10265 | D:11     | Identified the +1 chain mail of Byxkouss {Harm rN+ Will-
                  | Str+9}
 10504 | D:11     | Noticed a brown ugly thing
 10645 | D:11     | Found a shadowy altar of Dithmenos.
 10666 | D:11     | Killed a brown ugly thing
 10842 | D:11     | Noticed a two-headed ogre
 10852 | D:11     | Killed a two-headed ogre
 10943 | D:11     | Noticed a sea snake
 11326 | Lair:1   | Entered Level 1 of the Lair of Beasts
 11334 | Lair:1   | Reached skill level 17 in Axes
 11344 | Lair:1   | Reached XP level 12. HP: 18/101 MP: 17/17
 11830 | Lair:1   | Noticed a death yak
 11841 | Lair:1   | Killed a death yak
 12411 | Lair:1   | Reached skill level 10 in Invocations
 12457 | Lair:1   | Noticed a death yak
 12468 | Lair:1   | Killed a death yak
 12469 | Lair:1   | Reached skill level 18 in Axes
 12469 | Lair:1   | Reached skill level 10 in Shields
 13381 | Lair:2   | Found a staircase to the Snake Pit.
 13403 | Lair:2   | Noticed Urug
 13422 | Lair:2   | Killed Urug
 13582 | Lair:2   | Noticed a seven-headed hydra
 13589 | Lair:2   | Killed a seven-headed hydra
 13590 | Lair:2   | Reached skill level 5 in Armour
 14525 | Lair:2   | Learned a level 1 spell: Apportation
 14706 | Lair:3   | Noticed an eight-headed hydra
 14714 | Lair:3   | Killed an eight-headed hydra
 14715 | Lair:3   | Reached XP level 13. HP: 65/107 MP: 20/20
 15737 | Lair:3   | Found a hole to the Spider Nest.
 17313 | Lair:5   | Found a frozen archway.
 17326 | IceCv    | Entered an ice cave
 18080 | IceCv    | Noticed a frost giant
 18097 | IceCv    | Killed a frost giant
 18476 | IceCv    | Reached XP level 14. HP: 115/115 MP: 22/22
 19455 | D:4      | Bought -2 gold dragon scales for 910 gold pieces
 20241 | Lair:6   | Entered Level 6 of the Lair of Beasts
 20362 | Lair:6   | Reached skill level 10 in Armour
 20376 | Lair:6   | Found a staircase to the Slime Pits.
 20376 | Lair:6   | Paralysed by a floating eye for 4 turns
 21267 | Lair:6   | Reached skill level 1 in Throwing
 22233 | Orc:1    | Entered Level 1 of the Orcish Mines
 22405 | Orc:2    | Entered Level 2 of the Orcish Mines
 22572 | Orc:1    | Noticed an orc warlord
 22595 | Orc:1    | Killed an orc warlord
 22749 | Orc:2    | Found a staircase to the Elven Halls.
 23305 | Orc:2    | Reached skill level 15 in Shields
 23368 | Orc:2    | Reached skill level 5 in Throwing
 23659 | Orc:2    | Found Nomur's General Store.
 23660 | Orc:2    | Found Atouhuf's Weapon Shoppe.
 23660 | Orc:2    | Found Vinikege's Magic Scroll Emporium.
 23661 | Orc:2    | Found Hocsy's Antique Armour Emporium.
 23670 | Orc:2    | Bought a scroll of blinking for 127 gold pieces
 23826 | D:6      | Bought the amulet of the Four Winds {rN+ Will+++ Clar} for
                  | 570 gold pieces
 23826 | D:6      | Found the amulet of the Four Winds {rN+ Will+++ Clar}
 23918 | D:3      | Bought a glowing scarf for 168 gold pieces
 24514 | D:12     | Reached XP level 15. HP: 94/121 MP: 23/23
 26003 | D:13     | Found a gate to the Vaults.
 26647 | D:14     | Noticed Azrael
 26883 | D:13     | Killed Azrael
 27841 | D:14     | Found the +10 dark maul {vorpal}
 27934 | D:15     | Entered Level 15 of the Dungeon
 28710 | D:15     | Found a staircase to the Depths.
 29024 | Spider:1 | Entered Level 1 of the Spider Nest
 29029 | Spider:1 | Noticed a ghost moth
 29042 | Lair:3   | Killed a ghost moth
 29167 | Spider:1 | Noticed a ghost moth
 29180 | Lair:3   | Killed a ghost moth
 29480 | Spider:1 | Reached XP level 16. HP: 132/132 MP: 24/24
 29682 | Spider:1 | Slain by a wolf spider

Illustrated notes

Levels and vault maps discovered:
D:1:      dpeg_arrival_connections, layout_rooms,
          hellmonk_ecumenical_altar_zigzags, serial_park_tiny_pond,
          minmay_hexomino_r4
D:2:      layout_basic, uniq_robin, uniq_jessica
D:3:      layout_basic, serial_shops, nicolae_shop_bloodbath_and_beyond,
          nicolae_shop_waterfront, uniq_ijyb
D:4:      layout_cave_pools, minmay_shop_damaged
D:5:      layout_rooms, minmay_temple_entry_statues_fountains, uniq_sigmund
D:6:      layout_loops_ring, serial_shops, shop, kennysheep_generic_room_8
D:7:      layout_loops_ring, mainiacjoe_overflow_small_starburst, serial_shops,
          nicolae_shop_hallway_stairs, kennysheep_generic_room_14,
          uniq_crazy_yiuf_cottage
D:8:      layout_loops_ring, minmay_circle_x
D:9:      layout_loops_ring, erik_lair_orcish_takeover, orc_0_dummy, serial_ice,
          serial_ice_c, serial_ice_b, serial_ice_j, serial_ice_h, serial_ice_a,
          kennysheep_diamond
D:10:     layout_small_grid
D:11:     layout_rooms, serial_aquarium, aquarium_bridge_long_separate
          [aquarium_subvault_bridge, aquarium_subvault_balcony,
          aquarium_subvault_balcony, aquarium_subvault_wall,
          aquarium_subvault_bridge, aquarium_subvault_bridge],
          aquarium_bridge_straight [aquarium_subvault_bridge,
          aquarium_subvault_window, aquarium_subvault_bridge,
          aquarium_subvault_wall], aquarium_window_fake,
          aquarium_window_corridor_1, aquarium_view_2e,
          nicolae_dithmenos_shadow_blocks
D:12:     layout_cave_pools
D:13:     layout_cave_pools, grunt_vaults_entry_fortified
D:14:     layout_rooms, minmay_strange_pillars, minmay_lindwurm_lava,
          uniq_azrael
D:15:     grunt_enter_depths_hoard, layout_rooms, nrook_mini_vaults
Lair:1:   dreamdust_isle_of_ice, layout_gridlike, serial_bayou_pond_d,
          grunt_megastairs_2
Lair:2:   layout_layer_cave, guppyfry_snake_entry_island, special_room
          [special_room_bee], grunt_megastairs_3, infiniplex_staircase_pool,
          uniq_urug
Lair:3:   minmay_lair_oklob_chamber, layout_cave_pods, spider_nest_entry_webs,
          eino_house_with_fridge
Lair:4:   layout_big_grid, roderic_carrion_pond, lemuel_fruit_fields,
          lemuel_fruit_fields, serial_bayou_shore_b
Lair:5:   layout_small_grid, portal_ice_cave_entry_ice_simulacra,
          serial_bayou_shore_a, grunt_megastairs_4, infiniplex_staircase_pool_2
Lair:6:   evilmike_catoblepas_cave, layout_layer_cave, minmay_slime_entry_eyes,
          gauntlet_entry_generic
Spider:1: layout_spider_delve, nicolae_spider_moth_buddies
Orc:1:    layout_caves
Orc:2:    st_orc_pillars, layout_diamond_mine, mines_bat_river

Skill      XL: |  1  2  3  4  5  6  7  8  9 10 11 12 13 14 15 16 |
---------------+-------------------------------------------------+-----
Axes           | 3 4 5 6 7 9 11 14 15 17 18 | 18.0
Unarmed Combat | 1 |  1.0
Fighting       | 4 5 6 7 8 9 |  9.0
Shields        | 4 8 11 13 15 17 | 17.3
Dodging        | 2 5 7 8 |  8.0
Invocations    | 1 6 8 10 12 13 | 13.0
Armour         | 5 9 12 14 | 14.4
Throwing       | 5 6 |  6.0

Action                   |  1- 3 |  4- 6 |  7- 9 | 10-12 | 13-15 | 16-18 || total
-------------------------+-------+-------+-------+-------+-------+-------++-------
Melee: War axe           |    50 |    74 |   136 |    25 |       |       ||   285
       Headbutt          |     9 |    24 |    58 |   140 |   385 |    13 ||   629
       Broad axe         |       |       |    54 |   368 |   928 |    31 ||  1381
       Demon trident     |       |       |       |    15 |    27 |       ||    42
Throw: Dart              |       |       |    14 |    32 |   123 |     3 ||   172
Invok: Temporal Distorti |       |       |       |     3 |     1 |       ||     4
       Bend Time         |       |       |       |     1 |     1 |       ||     2
       Slouch            |       |       |       |     2 |     6 |       ||     8
Evoke: Wand              |       |       |       |     9 |    17 |       ||    26
       Lightning rod     |       |       |       |     1 |       |       ||     1
       Condenser vane    |       |       |       |       |     1 |       ||     1
  Use: Scroll            |     1 |     1 |    10 |     9 |     8 |     1 ||    30
       Potion            |       |     1 |       |       |     5 |       ||     6
 Stab: Invisible         |       |       |       |       |     3 |       ||     3
       Petrified         |       |       |       |       |     7 |       ||     7
Armor: Scale mail        |    13 |    10 |       |       |       |       ||    23
       Chain mail        |       |    34 |    75 |   122 |    60 |       ||   291
       Gold dragon scale |       |       |       |       |   245 |    31 ||   276
Dodge: Dodged            |    26 |    33 |    82 |   171 |   188 |    21 ||   521
Block: Buckler           |    10 |    23 |    59 |    89 |       |       ||   181
       Tower shield      |       |       |       |   100 |  1004 |    69 ||  1173

Table legend: (Time is in decaauts)
 A = Elapsed time spent in this place.
 B = Non-inter-level travel time spent in this place.
 C = Inter-level travel time spent in this place.
 D = Time resting spent in this place.
 E = Time spent auto-exploring this place.
 F = Levels seen in this place.
 G = Mean time per level.
                   A        B        C        D        E       F      G
               +--------+--------+--------+--------+--------+-----+--------+
         Total |  43993 |  38536 |   5457 |   6311 |  25319 |  25 | 1759.7 |
       Dungeon |  25203 |  21683 |   3520 |   3647 |  14609 |  15 | 1680.2 |
          Lair |  13996 |  12326 |   1670 |   1783 |   8774 |   6 | 2332.7 |
   Spider Nest |    285 |    285 |      0 |    103 |     50 |   1 |  285.0 |
  Orcish Mines |   2256 |   1991 |    265 |    436 |   1039 |   2 | 1128.0 |
      Ice Cave |   2251 |   2251 |      0 |    342 |    847 |   1 | 2251.0 |
               +--------+--------+--------+--------+--------+-----+--------+

Top non-repeatable levels by time:
     D:9: 3334 daAuts
  Lair:3: 3105 daAuts
  Lair:2: 2989 daAuts
  Lair:6: 2933 daAuts
     D:6: 2448 daAuts
    D:13: 2421 daAuts
     D:7: 2391 daAuts
   IceCv: 2251 daAuts
  Lair:1: 2141 daAuts
    D:11: 1889 daAuts
     D:8: 1813 daAuts
    D:14: 1713 daAuts
     D:2: 1493 daAuts
  Lair:4: 1429 daAuts
  Lair:5: 1396 daAuts
